[Event "Stepan Avagyan Memorial 2020"]
[Site "Jermuk"]
[Date "2020.07.12"]
[Round "6.3"]
[White "Petrosyan, Manuel"]
[Black "Mikaelyan, Arman"]
[Result "1-0"]
[ECO "E14"]
[WhiteElo "2607"]
[BlackElo "2483"]
[Annotator "ChessBase"]
[PlyCount "157"]
[EventDate "2020.07.05"]
[EventType "tourn"]
[EventCountry "ARM"]
[SourceTitle "playchess.com"]
[Source "ChessBase"]
[SourceQuality "1"]
[TimeControl "40/5400+30:1800+30"]

1. d4 d5 2. Nf3 Nf6 3. c4 c6 4. e3 e6 5. Bd3 Nbd7 6. b3 b6 7. O-O Bb7 8. Bb2 Bd6 9. Nbd2 O-O 10. Qe2 c5 11. Ne5 Qe7 12. Rad1 Rfd8 13. f4 Nf8 14. f5 a6 15. Ndf3 Ne4 16. dxc5 Bxc5 17. Nd4 Bxd4 18. exd4 exf5 19. Rxf5 Nd6 20. Rf2 f6 21. Ba3 Qe6 22. Ng4 Qxe2 23. Rxe2 Ne4 24. Bxe4 dxe4 25. d5 f5 26. Ne3 g6 27. g4 f4 28. Nc2 Bc8 29. Rxe4 Bxg4 30. Rd2 Ne6 31. h4 Bf5 32. Re5 Nc5 33. Nd4 Bg4 34. Nc6 Re8 35. Rd4 Rf8 36. Re7 Bd7 37. Bxc5 bxc5 38. Rde4 Bxc6 39. dxc6 Rf7 40. c7 Kg7 41. Rxf7+ Kxf7 42. Re5 Rc8 43. Rxc5 Ke7 44. Kf2 Kd6 45. b4 a5 46. Rxa5 Rxc7 47. c5+ Ke5 48. Kf3 h6 49. c6+ Kd4 50. b5 g5 51. Ra8 Kc5 52. a4 Rg7 53. Rd8 Kb6 54. hxg5 hxg5 55. Kg4 Rf7 56. Rd3 Ra7 57. Rc3 Ra8 58. c7 Rc8 59. Kxg5 f3 60. Rxf3 Rxc7 61. Rf6+ Kb7 62. Kf5 Rc5+ 63. Ke6 Kc7 64. Rf5 Rc1 65. a5 Rb1 66. Rf7+ Kb8 67. b6 Rd1 68. a6 Re1+ 69. Kd5 Rd1+ 70. Kc4 Rc1+ 71. Kd3 Rd1+ 72. Kc2 Rd8 73. Kc3 Rh8 74. Re7 Rh3+ 75. Kc4 Rh4+ 76. Kd5 Rh5+ 77. Kd6 Rh6+ 78. Re6 Rh8 79. Kd7 1-0